 Dungeon Sprint DCSS version 0.19.4-10-g532645f (webtiles) character file.

268 Altrum the Frost Mage (level 6, -1/41 HPs)
             Began as a Human Ice Elementalist on Feb 25, 2017.
             Slain by a slime creature (8 damage)
             ... in the Dungeon (Sprint I: "Red Sonja").
             The game lasted 00:04:51 (626 turns).

Altrum the Frost Mage (Human Ice Elementalist)       Turns: 626, Time: 00:04:52

Health: -1/41      AC:  8    Str:  8    XL:     6   Next: 45%
Magic:  9/17       EV: 12    Int: 16    God:
Gold:   162        SH:  0    Dex: 15    Spells: 5 memorised, 7 levels left

rFire  . . .     SeeInvis .     (no weapon)
rCold  . . .     Gourm    .     a - +0 robe
rNeg   . . .     Faith    .     (no shield)
rPois  .         Spirit   .     (no helmet)
rElec  .         Reflect  .     (no cloak)
rCorr  .         Harm     .     (no gloves)
MR     .....     NoTele   +     (no boots)
Stlth  ++........               (no amulet)
                                (no ring)
                                (no ring)

@: icy armour, hasted, very quick
A: no striking features
a: no special abilities


You were in the Dungeon.
You were not hungry.

You visited 1 branch You collected 162 gold pieces.

Inventory:

Armour
 a - a +0 robe (worn)
Scrolls
 i - a scroll of blinking
Potions
 d - a potion of curing
 g - a potion of magic
Books
 b - a book of Frost

   Spells                             Type                      Level
   a - Freeze                         Ice                          1
   b - Throw Frost                    Conjuration/Ice              2
   c - Ozocubu's Armour               Charms/Ice                   3
   d - Throw Icicle                   Conjuration/Ice              4
   e - Summon Ice Beast               Ice/Summoning                4
Comestibles
 c - a bread ration


   Skills:
 - Level 2.0 Dodging
 - Level 2.0 Stealth
 + Level 8.3 Spellcasting
 - Level 1.0 Conjurations
 + Level 9.3 Ice Magic


You had 7 spell levels left.
You knew the following spells:

 Your Spells              Type           Power        Failure   Level  Hunger
a - Freeze                Ice            ####         1%          1    None
b - Throw Frost           Conj/Ice       ###...       1%          2    None
c - Ozocubu's Armour      Chrm/Ice       ###.....     6%          3    #......
d - Throw Icicle          Conj/Ice       ###.....     14%         4    ###....
e - Summon Ice Beast      Ice/Summ       ###.....     17%         4    ###....


Dungeon Overview and Level Annotations

Branches:
Dungeon (1/1)

Altars:
Makhleb
Xom
Jiyva
Lugonu


Message History

The slime creature hits you!
Casting: Freeze
Confirm with . or Enter, or press ? or * to list all spells.
Aiming: Freeze
Press: ? - help, Shift-Dir - straight line, f/p - slime creature
Aim: a slime creature (heavily wounded)
You freeze the slime creature.
The slime creature is severely wounded.
The slime creature closely misses you.
Casting: Freeze
Confirm with . or Enter, or press ? or * to list all spells.
Aiming: Freeze
Press: ? - help, Shift-Dir - straight line, f/p - slime creature
Aim: a slime creature (severely wounded)
You freeze the slime creature.
The slime creature is severely wounded.
The slime creature hits you!
* * * LOW HITPOINT WARNING * * *
You feel yourself speed up. The slime creature hits you!
You die...

################ ##
#<.#..'..#..'..#__#
#..)..#..').#.@J^.+
#..#####'#####+#__#
#..# #..# ## #..#
#### #..# #⌠⌠# ####


You could see a slime creature.

Vanquished Creatures
  Sigmund (D)
  An ogre (D)
  Ijyb (D)
3 creatures vanquished.

Notes
Turn   | Place    | Note
-------+----------+-------------------------------------------
     0 | D        | Altrum the Human Ice Elementalist began the quest for the Orb.
     0 | D        | Reached XP level 1. HP: 13/13 MP: 3/3
    12 | D        | Noticed Ijyb
    30 | D        | Killed Ijyb
    30 | D        | Reached skill level 5 in Ice Magic
    30 | D        | Reached XP level 2. HP: 12/19 MP: 0/7
    30 | D        | Reached XP level 3. HP: 15/24 MP: 0/8
    62 | D        | Learned a level 2 spell: Throw Frost
    66 | D        | Learned a level 3 spell: Ozocubu's Armour
   214 | D        | Noticed an ogre
   225 | D        | Killed an ogre
   225 | D        | Reached skill level 7 in Ice Magic
   225 | D        | Reached XP level 4. HP: 10/30 MP: 0/12
   225 | D        | Reached XP level 5. HP: 11/35 MP: 0/13
   231 | D        | Learned a level 4 spell: Throw Icicle
   236 | D        | Learned a level 4 spell: Summon Ice Beast
   473 | D        | Noticed Sigmund
   482 | D        | Killed Sigmund
   482 | D        | Reached skill level 9 in Ice Magic
   482 | D        | Reached XP level 6. HP: 36/41 MP: 1/17
   619 | D        | Found a burning altar of Makhleb.
   619 | D        | Found a viscous altar of Jiyva.
   619 | D        | Found a shimmering altar of Xom.
   619 | D        | Found a corrupted altar of Lugonu.
   619 | D        | Noticed a slime creature
   626 | D        | Slain by a slime creature

Skill      XL: |  1  2  3  4  5 |
---------------+----------------+-----
Spellcasting   | 4 6 8 |  8.3
Ice Magic      | 5 7 9 |  9.3
Dodging        | |  2.0
Stealth        | |  2.0
Conjurations   | |  1.0

Action                   |  1- 3 |  4- 6 || total
-------------------------+-------+-------++-------
Melee: Unarmed           |     8 |       ||     8
 Cast: Freeze            |     9 |    11 ||    20
       Throw Frost       |     2 |     2 ||     4
       Ozocubu's Armour  |     1 |     2 ||     3
       Throw Icicle      |       |     2 ||     2
  Use: Potion            |     3 |     1 ||     4
Dodge: Dodged            |    11 |     6 ||    17
